 Dungeon Crawl Stone Soup version 0.24.0-123-gd5b16e6ec5 (webtiles) character file.

Game seed: 16239607913795009331, levelgen mode: deterministic

102 Elellon the Chopper (level 4, -1/39 HPs)
             Began as a Hill Orc Fighter on Jan 14, 2020.
             Killed from afar by Sigmund (7 damage)
             ... with a magic dart
             ... on level 2 of the Dungeon.
             The game lasted 00:01:33 (1048 turns).

Elellon the Chopper (Hill Orc Fighter)              Turns: 1048, Time: 00:01:34

Health: -1/39      AC: 10    Str: 19    XL:     4   Next: 78%
Magic:  4/4        EV:  7    Int:  8    God:
Gold:   39         SH:  9    Dex: 10    Spells: 3/3 levels left

rFire    . . .     SeeInvis .   a - +0 war axe
rCold    . . .     Gourm    .   c - +0 shield
rNeg     . . .     Faith    .   b - +0 scale mail
rPois    .         Spirit   .   (no helmet)
rElec    .         Reflect  .   (no cloak)
rCorr    .         Harm     .   (no gloves)
MR       .....                  l - +2 pair of boots
Stlth    ..........             (no amulet)
HPRegen  0.13/turn              (no ring)
MPRegen  0.09/turn              (no ring)

@: no status effects
A: no striking features
a: no special abilities


You were on level 2 of the Dungeon.
You were not hungry.

You visited 1 branch of the dungeon, and saw 2 of its levels.

You collected 39 gold pieces.

Inventory:

Hand Weapons
 a - a +0 war axe (weapon)
Armour
 b - a +0 scale mail (worn)
 c - a +0 shield (worn)
 l - a +2 pair of boots (worn)
Scrolls
 h - 5 scrolls of identify {unknown}
 j - a scroll of amnesia {unknown}
 k - a scroll of fog {unknown}
 p - a scroll of remove curse {unknown}
Potions
 d - 2 potions of might
 e - 2 potions of flight {unknown}
 g - a potion of lignification {unknown}
 i - a potion of heal wounds {unknown}
 n - a potion of brilliance {unknown}
 o - a potion of agility {unknown}
Comestibles
 f - 3 rations


   Skills:
 - Level 3.6 Fighting
 + Level 6.4 Axes
 - Level 3.2 Armour
 - Level 3.2 Shields


You had 3 spell levels left.
You didn't know any spells.
Your spell library was empty.

Dungeon Overview and Level Annotations

Branches:
Dungeon (2/15)

Altars:
The Shining One

Annotations:
D:2 Sigmund


Message History

Something tries to affect you, but you resist.
You barely miss something. Something hits you.
You miss something. Something hits you.
You hit something.
You hear some strange, mumbled words.
A magic dart appears from out of thin air!
The magic dart hits you but does no damage.
You closely miss something. Something hits you.
You barely miss something. Something hits you.
You closely miss something. Something hits you.
* * * LOW HITPOINT WARNING * * *
You slash something! Something hits you.
* * * LOW HITPOINT WARNING * * *
Your shield and scale mail prevent you from hitting something.
You closely miss something. Something hits you but does no damage.
You closely miss something.
You hear some strange, mumbled words.
A magic dart appears from out of thin air!
The magic dart hits you!
You die...

#.# ########## ##
#.# #.# #.# #.#
#####.###
#...)...#
#.##....##########
.#.....#.@{..?...
..........#######.
#.#.....###
#.#.)...#
#.......#
#####.### #. #.


There were no monsters in sight!

Vanquished Creatures
  Jessica (D:2)
  3 gnolls (D:2)
  2 adders (D:2)
  6 bats
  2 giant cockroaches (D:2)
  2 goblins (D:1)
  4 hobgoblins
  4 jackals (D:1)
  2 kobolds
  3 rats (D:1)
29 creatures vanquished.

Notes
Turn   | Place    | Note
-------+----------+-------------------------------------------
     0 | D:1      | Elellon the Hill Orc Fighter began the quest for the Orb.
     0 | D:1      | Reached XP level 1. HP: 19/19 MP: 1/1
    45 | D:1      | Reached skill level 3 in Axes
   106 | D:1      | Reached XP level 2. HP: 22/26 MP: 2/2
   297 | D:1      | Reached skill level 4 in Axes
   500 | D:1      | You fall into a shaft and drop 1 floor!
   533 | D:2      | Reached XP level 3. HP: 26/31 MP: 3/3
   625 | D:2      | Noticed Jessica
   628 | D:2      | Killed Jessica
   628 | D:2      | Reached skill level 5 in Axes
   628 | D:2      | Reached XP level 4. HP: 39/39 MP: 4/4
   655 | D:2      | Reached skill level 6 in Axes
   906 | D:2      | Found a glowing golden altar of the Shining One.
  1029 | D:2      | Noticed Sigmund
  1048 | D:2      | Killed from afar by Sigmund

Levels and vault maps discovered:
D:1:      dpeg_arrival_another_circle, layout_basic, minmay_misc_feat_iff
D:2:      layout_loops_corners, nicolae_overflow_crystal_walls,
          minmay_tiny_reverse_x, uniq_sigmund, uniq_jessica

Skill      XL: |  1  2  3  4 |
---------------+-------------+-----
Axes           | 3 4 5 6 |  6.4
Fighting       | |  3.6
Armour         | |  3.2
Shields        | |  3.2

Action                   |  1- 3 |  4- 6 || total
-------------------------+-------+-------++-------
Melee: War axe           |    56 |    47 ||   103
  Eat: Chunk             |       |     1 ||     1
Armor: Scale mail        |    38 |    17 ||    55
Dodge: Dodged            |    20 |    12 ||    32
Block: Shield            |    35 |    17 ||    52
